Demolitions vs Saguenéens

Created - December 10, 2019 at 19:45

Goals
1 2 3 T
Demolitions 1 1 0 2
Saguenéens 1 1 2 4
Shots
1 2 3 T
Demolitions 10 4 18 32
Saguenéens 11 11 9 31

1st period

1. Demolitions , Joshua Leivo 8 (Andrej Nestrasil 8) at 1:19
2. Saguenéens , Alexander Wennberg 12 (Garnet Hathaway 12, Mason Raymond 14) at 8:53 (PP)

Penalties :
Nikita Tryamkin (Vic) for Hooking (Minor) at 8:28

2nd period

3. Saguenéens , Rhett Rakhshani 6 (Craig Cunningham 7, Nick Mattson 8) at 7:00
4. Demolitions , Spencer Machacek 12 (Andrew O'Brien 4) at 15:51

Penalties :
Rhett Rakhshani (Chi) for Hooking (Minor) at 10:58

3rd period

5. Saguenéens , Henrik Samuelsson 3 (Teemu Pulkkinen 3) at 3:18
6. Saguenéens , Mason Raymond 14 (Garnet Hathaway 13, Kevin Marshall 4) at 4:28

Penalties :
Colton Gillies (Vic) for Tripping (Minor) at 11:53, Nikita Tryamkin (Vic) for Cross-checking (Minor) at 16:22

Goalie Stats

Brandon Halverson (Vic), 27 saves from 31 shots - (0.871), L, 5-4-0, 60:00 minutes
Joe Cannata (Chi), 30 saves from 32 shots - (0.938), W, 11-6-0, 60:00 minutes

Players Stats for Demolitions

Player Name              G  A  P  +/- PIM S  H  SB GA TA FO     MP     PP MP  PK MP  
------------------------------------------------------------------------------------
Aaron Palushaj           0  0  0   0  0   0  0  1  0  0  0/0    10:05   0:00   0:00 
Andrej Nestrasil         0  1  1   0  0   3  0  0  0  0  1/5    11:37   0:00   1:23 
Andrew O'Brien           0  1  1  -1  0   0  2  2  0  2  0/0    19:57   0:42   1:30 
Brandon Saad             0  0  0   0  0   4  1  1  1  0  1/1    20:40   1:08   0:58 
Colton Gillies           0  0  0  -1  2   5  2  0  0  1  4/11   18:19   0:51   0:00 
Daultan Leveillé         0  0  0   0  0   1  2  1  0  1  12/28  22:00   1:08   2:22 
J.T. Brown               0  0  0  -1  0   3  1  0  1  1  1/1    18:18   0:51   0:00 
Jake Muzzin              0  0  0   0  0   1  1  3  0  0  0/0    22:15   1:17   2:30 
Jared Staal              0  0  0   0  0   0  1  1  0  0  0/0     7:21   0:00   0:00 
Jonathan Blum            0  0  0   0  0   3  1  1  1  1  0/0    26:46   1:17   2:41 
Joshua Leivo             1  0  1   0  0   2  2  0  0  0  0/0     9:58   0:00   0:00 
Kerby Rychel             0  0  0   0  0   2  1  0  1  0  0/0     7:21   0:00   0:00 
Lane MacDermid           0  0  0  -1  0   4  3  1  1  1  0/0    19:31   0:51   1:33 
Mitch Callahan           0  0  0   0  0   0  0  0  0  0  0/0     0:16   0:00   0:00 
Nick Pryor               0  0  0   0  0   0  0  0  0  0  0/0     4:53   0:00   0:21 
Nikita Tryamkin          0  0  0  -1  4   0  0  2  1  1  0/0    18:51   0:42   0:32 
Phil Di Giuseppe         0  0  0   0  0   0  0  0  0  0  0/0     0:37   0:00   0:00 
Phil McRae               0  0  0   0  0   1  1  0  0  1  3/3     7:33   0:00   0:08 
Robert Bortuzzo          0  0  0   0  0   0  1  0  0  1  0/0    13:05   0:00   0:00 
Spencer Machacek         1  0  1   0  0   3  2  0  2  0  2/4    22:00   1:08   2:22 
Taylor Aronson           0  0  0   0  0   0  1  0  0  0  0/0    14:11   0:00   1:12 

Players Stats for Saguenéens

Player Name              G  A  P  +/- PIM S  H  SB GA TA FO     MP     PP MP  PK MP  
------------------------------------------------------------------------------------
Adam Erne                0  0  0   0  0   0  0  0  0  0  0/0     8:01   0:00   0:00 
Aleksander Barkov        0  0  0   0  0   3  2  0  2  0  2/5    16:58   1:50   0:09 
Alexander Wennberg       1  0  1   1  0   5  1  0  1  1  21/37  20:49   2:33   0:41 
Carl Hagelin             0  0  0   0  0   0  0  3  0  0  0/0    16:49   1:50   0:00 
Craig Cunningham         0  1  1   0  0   1  3  0  1  0  0/0    14:02   0:10   0:48 
Duncan Siemens           0  0  0   0  0   0  0  1  0  0  0/0    14:02   0:00   0:58 
Garnet Hathaway          0  2  2   1  0   2  0  1  0  2  0/1    20:05   2:23   0:00 
Henrik Samuelsson        1  0  1   0  0   4  0  0  1  0  6/6     9:03   0:00   0:58 
Kevin Marshall           0  1  1   1  0   3  0  2  1  1  0/0    26:26   2:18   1:01 
Mark Stone               0  0  0   0  0   0  2  0  0  0  0/0    16:49   1:50   0:00 
Mason Raymond            1  1  2   1  0   5  2  0  1  1  0/0    21:07   2:33   0:59 
Mike Amadio              0  0  0   0  0   0  1  0  0  1  0/4    12:49   0:00   0:11 
Nick Mattson             0  1  1   0  0   0  1  0  0  0  0/0    20:59   2:05   0:58 
Patrick Sieloff          0  0  0   0  0   2  0  0  0  0  0/0    14:43   2:05   0:00 
Rhett Rakhshani          1  0  1   0  2   3  1  0  1  0  0/0    12:54   0:00   0:00 
Robert Hagg              0  0  0   0  0   0  1  1  0  1  0/0    18:25   0:00   1:01 
Seth Helgeson            0  0  0   1  0   2  1  3  0  1  0/0    25:25   2:18   0:00 
Teemu Pulkkinen          0  1  1   0  0   1  1  0  2  0  0/0     8:34   0:00   0:12 

3 Stars

1 - Mason Raymond (Chi)
2 - Alexander Wennberg (Chi)
3 - Garnet Hathaway (Chi)

Power Play

Demolitions - 0 on 1 Attempt(s) - 0.00%
Saguenéens - 1 on 3 Attempt(s) - 33.33%

Penalty Kill

Demolitions - 2 on 3 Attempt(s) - 66.67% - Score 0 goal in Penalty Kill
Saguenéens - 1 on 1 Attempt(s) - 100.00% - Score 0 goal in Penalty Kill

Team Stat

Demolitions - Hits : 22 - Faceoff Wins : 24 - Blocked Shots : 13 - Penalty Minutes : 6
Saguenéens - Hits : 16 - Faceoff Wins : 29 - Blocked Shots : 11 - Penalty Minutes : 2

Official

Referees : Unknown
Linesman : Unknown

Game Notes

No Game Note

Finance

Level 1 -- Attendance: 1446 (72.30%) -- Ticket Income $57,840
Level 2 -- Attendance: 690 (69.00%) -- Ticket Income $13,800
Total Attendance: 2136 (71.20%)
Total Ticket Income: $71,640
Other Income: $3,582
Total Income: $75,222

Demolitions

5 vs 5 Forward 
   Center                   Left Wing                Right Wing               Time % Phy DF OF 
 1 Daultan Leveillé         Brandon Saad             Spencer Machacek         50     0   0  5  
 2 Colton Gillies           Lane MacDermid           J.T. Brown               35     0   0  5  
 3 Andrej Nestrasil         Joshua Leivo             Aaron Palushaj           10     1   2  2  
 4 Phil McRae               Kerby Rychel             Jared Staal              5      1   2  2  

5 vs 5 Defense 
   Defense                  Defense                                           Time % Phy DF OF 
 1 Jonathan Blum            Jake Muzzin                                       40     1   2  2  
 2 Andrew O'Brien           Nikita Tryamkin                                   30     1   2  2  
 3 Robert Bortuzzo          Taylor Aronson                                    20     1   2  2  
 4 Nick Pryor               Jonathan Blum                                     10     1   2  2  

PowerPlay Forward 
   Center                   Left Wing                Right Wing               Time % Phy DF OF 
 1 Daultan Leveillé         Brandon Saad             Spencer Machacek         60     1   2  2  
 2 Colton Gillies           Lane MacDermid           J.T. Brown               40     1   2  2  

PowerPlay Defense
   Defense                  Defense                                           Time % Phy DF OF 
 1 Jonathan Blum            Jake Muzzin                                       60     1   2  2  
 2 Andrew O'Brien           Nikita Tryamkin                                   40     1   2  2  

Penalty Kill 4 Players Forward 
   Center                   Wing                     Time % Phy DF OF 
 1 Spencer Machacek         Daultan Leveillé         60     1   2  2  
 2 Brandon Saad             Lane MacDermid           40     1   2  2  

Penalty Kill 4 Players Defense
   Defense                  Defense                  Time % Phy DF OF 
 1 Jonathan Blum            Jake Muzzin              60     1   2  2  
 2 Andrew O'Brien           Nikita Tryamkin          40     1   2  2  

Penalty Kill - 3 Players Forward 
   Forward                                           Time % Phy DF OF 
 1 Spencer Machacek                                  60     1   2  2  
 2 Daultan Leveillé                                  40     1   2  2  

Penalty Kill - 3 Players Defense
   Defense                  Defense                  Time % Phy DF OF 
 1 Jonathan Blum            Jake Muzzin              60     1   2  2  
 2 Andrew O'Brien           Nikita Tryamkin          40     1   2  2  

4 vs 4 Forward 
   Center                   Wing                     Time % Phy DF OF 
 1 Spencer Machacek         Daultan Leveillé         60     1   2  2  
 2 Brandon Saad             Lane MacDermid           40     1   2  2  

4 vs 4 Defense
   Defense                  Defense                  Time % Phy DF OF 
 1 Jonathan Blum            Jake Muzzin              60     1   2  2  
 2 Andrew O'Brien           Nikita Tryamkin          40     1   2  2  

Last Minutes Offensive
   Center                   Left Wing                Right Wing               Defense                  Defense                  
   Daultan Leveillé         Brandon Saad             Spencer Machacek         Jonathan Blum            Jake Muzzin              

Last Minutes Defensive
   Center                   Left Wing                Right Wing               Defense                  Defense                  
   Daultan Leveillé         Brandon Saad             Spencer Machacek         Jonathan Blum            Jake Muzzin              

Goaltenders
Starting : Brandon Halverson        
Backup : Antti Raanta             

Extra Forwards
Normal : Phil Di Giuseppe, Mitch Callahan, Andrej Nestrasil - PP : Phil Di Giuseppe, Mitch Callahan - PK : Andrej Nestrasil
Extra Defensemen
Normal : Robert Bortuzzo, Taylor Aronson, Nick Pryor - PP : Robert Bortuzzo - PK : Taylor Aronson, Nick Pryor
Penalty Shots
Spencer Machacek, Daultan Leveillé, Brandon Saad, Lane MacDermid, J.T. Brown

Scratches
Alex Hutchings (Healthy), Ryan Olsen (Healthy), Thomas DiPauli (Healthy), Taylor Leier (Healthy), Colton Sceviour (Healthy)
Michael Prapavessis (Healthy), Jaedon Descheneau (Healthy), Jake Paterson (Healthy), Francois Tremblay (Healthy)

Saguenéens

5 vs 5 Forward 
   Center                   Left Wing                Right Wing               Time % Phy DF OF 
 1 Alexander Wennberg       Mason Raymond            Garnet Hathaway          40     1   2  2  
 2 Aleksander Barkov        Carl Hagelin             Mark Stone               30     1   2  2  
 3 Mike Amadio              Craig Cunningham         Rhett Rakhshani          20     1   2  2  
 4 Henrik Samuelsson        Teemu Pulkkinen          Adam Erne                10     1   2  2  

5 vs 5 Defense 
   Defense                  Defense                                           Time % Phy DF OF 
 1 Kevin Marshall           Seth Helgeson                                     40     1   2  2  
 2 Robert Hagg              Nick Mattson                                      30     1   2  2  
 3 Patrick Sieloff          Duncan Siemens                                    20     1   2  2  
 4 Kevin Marshall           Seth Helgeson                                     10     1   2  2  

PowerPlay Forward 
   Center                   Left Wing                Right Wing               Time % Phy DF OF 
 1 Alexander Wennberg       Mason Raymond            Garnet Hathaway          60     1   2  2  
 2 Aleksander Barkov        Carl Hagelin             Mark Stone               40     1   2  2  

PowerPlay Defense
   Defense                  Defense                                           Time % Phy DF OF 
 1 Kevin Marshall           Seth Helgeson                                     60     1   2  2  
 2 Patrick Sieloff          Nick Mattson                                      40     1   2  2  

Penalty Kill 4 Players Forward 
   Center                   Wing                     Time % Phy DF OF 
 1 Henrik Samuelsson        Mason Raymond            60     1   2  2  
 2 Mike Amadio              Craig Cunningham         40     1   2  2  

Penalty Kill 4 Players Defense
   Defense                  Defense                  Time % Phy DF OF 
 1 Kevin Marshall           Robert Hagg              60     1   2  2  
 2 Duncan Siemens           Nick Mattson             40     1   2  2  

Penalty Kill - 3 Players Forward 
   Forward                                           Time % Phy DF OF 
 1 Henrik Samuelsson                                 60     1   2  2  
 2 Mike Amadio                                       40     1   2  2  

Penalty Kill - 3 Players Defense
   Defense                  Defense                  Time % Phy DF OF 
 1 Kevin Marshall           Robert Hagg              60     1   2  2  
 2 Duncan Siemens           Nick Mattson             40     1   2  2  

4 vs 4 Forward 
   Center                   Wing                     Time % Phy DF OF 
 1 Alexander Wennberg       Mason Raymond            60     1   2  2  
 2 Aleksander Barkov        Garnet Hathaway          40     1   2  2  

4 vs 4 Defense
   Defense                  Defense                  Time % Phy DF OF 
 1 Kevin Marshall           Seth Helgeson            60     1   2  2  
 2 Patrick Sieloff          Nick Mattson             40     1   2  2  

Last Minutes Offensive
   Center                   Left Wing                Right Wing               Defense                  Defense                  
   Alexander Wennberg       Mason Raymond            Garnet Hathaway          Kevin Marshall           Seth Helgeson            

Last Minutes Defensive
   Center                   Left Wing                Right Wing               Defense                  Defense                  
   Aleksander Barkov        Mason Raymond            Garnet Hathaway          Kevin Marshall           Robert Hagg              

Goaltenders
Starting : Joe Cannata              
Backup : Tyler Beskorowany        

Extra Forwards
Normal : Craig Cunningham, Teemu Pulkkinen, Rhett Rakhshani - PP : Craig Cunningham, Teemu Pulkkinen - PK : Rhett Rakhshani
Extra Defensemen
Normal : Patrick Sieloff, Duncan Siemens, Seth Helgeson - PP : Patrick Sieloff - PK : Duncan Siemens, Kevin Marshall
Penalty Shots
Garnet Hathaway, Mason Raymond, Mark Stone, Alexander Wennberg, Aleksander Barkov

Scratches
Mikhail Grigorenko (Healthy), Tanner Richard (Healthy), Juraj Mikus (Healthy), Myles Bell (Healthy), Dylan Labbe (Healthy)
Nick Paul (Healthy), Mattias Janmark (Healthy), Calle Andersson (Healthy), Julius Honka (Healthy), Clark Bishop (Healthy)
Nikita Scherbak (Healthy), JJ. Piccinich (Healthy), Michael Giugovaz (Healthy)

% Time on Ice - Demolitions

Lines # - Real PCT - Wanted PCT - Time Play
Normal Forward
1 - 35% - 50% - 18:34
2 - 33% - 35% - 17:45
3 - 19% - 10% - 9:58
4 - 14% - 5% - 7:21
Normal Defense
1 - 35% - 40% - 18:47
2 - 33% - 30% - 17:45
3 - 24% - 20% - 13:05
4 - 7% - 10% - 4:01
PP Forward
1 - 57% - 60% - 1:08
2 - 43% - 40% - 0:51
PP Defense
1 - 65% - 60% - 1:17
2 - 35% - 40% - 0:42
PK Forward
1 - 89% - 60% - 3:53
2 - 11% - 40% - 0:30
PK Defense
1 - 66% - 60% - 2:53
2 - 34% - 40% - 1:30
PK3 Forward
1 - 0% - 60%
2 - 0% - 40%
PK3 Defense
1 - 0% - 60%
2 - 0% - 40%
44 Forward
1 - 0% - 60%
2 - 0% - 40%
44 Defense
1 - 0% - 60%
2 - 0% - 40%
Last Minute Offensive  - 0:00
Last Minute Defensive  - 0:00
Total
Forward - 60:00
Defense - 60:00

% Time on Ice - Saguenéens

Lines # - Real PCT - Wanted PCT - Time Play
Normal Forward
1 - 34% - 40% - 18:00
2 - 28% - 30% - 14:59
3 - 24% - 20% - 12:38
4 - 15% - 10% - 8:01
Normal Defense
1 - 38% - 40% - 20:10
2 - 33% - 30% - 17:56
3 - 23% - 20% - 12:35
4 - 6% - 10% - 2:57
PP Forward
1 - 58% - 60% - 2:33
2 - 42% - 40% - 1:50
PP Defense
1 - 52% - 60% - 2:18
2 - 48% - 40% - 2:05
PK Forward
1 - 91% - 60% - 1:48
2 - 9% - 40% - 0:11
PK Defense
1 - 51% - 60% - 1:01
2 - 49% - 40% - 0:58
PK3 Forward
1 - 0% - 60%
2 - 0% - 40%
PK3 Defense
1 - 0% - 60%
2 - 0% - 40%
44 Forward
1 - 0% - 60%
2 - 0% - 40%
44 Defense
1 - 0% - 60%
2 - 0% - 40%
Last Minute Offensive  - 0:00
Last Minute Defensive  - 0:00
Total
Forward - 60:00
Defense - 60:00

Play-by-Play

1st period


0:01 of 1st period - Alexander Wennberg wins face-off versus Daultan Leveillé in neutral zone.
0:33 of 1st period - Wrist shot by J.T. Brown.
0:33 of 1st period - Stopped by Joe Cannata with a rebound.
0:35 of 1st period - Slapshot by Colton Gillies.
0:35 of 1st period - Shot Misses the Net.
0:37 of 1st period - Snap shot by J.T. Brown.
0:37 of 1st period - Shot Blocked by Seth Helgeson.
0:39 of 1st period - Slapshot by Jonathan Blum.
0:39 of 1st period - Shot Blocked by Kevin Marshall.
0:49 of 1st period - Wrist shot by Mark Stone.
0:49 of 1st period - Shot Blocked by Aaron Palushaj.
0:51 of 1st period - Snap shot by Seth Helgeson.
0:51 of 1st period - Stopped by Brandon Halverson without a rebound.
0:52 of 1st period - Andrej Nestrasil wins face-off versus Mike Amadio in Demolitions zone.
1:19 of 1st period - Backhand shot by Joshua Leivo.
1:19 of 1st period - Goal by Joshua Leivo - Demolitions : 1 - Saguenéens : 0.
1:20 of 1st period - Daultan Leveillé wins face-off versus Alexander Wennberg in neutral zone.
1:27 of 1st period - Backhand shot by Brandon Saad.
1:27 of 1st period - Stopped by Joe Cannata with a rebound.
1:46 of 1st period - Teemu Pulkkinen is hit by Colton Gillies and loses puck.
2:42 of 1st period - Snap shot by Alexander Wennberg.
2:42 of 1st period - Stopped by Brandon Halverson with a rebound.
2:50 of 1st period - Snap shot by Mason Raymond.
2:50 of 1st period - Stopped by Brandon Halverson with a rebound.
3:08 of 1st period - Wrist shot by Henrik Samuelsson.
3:08 of 1st period - Stopped by Brandon Halverson with a rebound.
3:10 of 1st period - Slapshot by Seth Helgeson.
3:10 of 1st period - Stopped by Brandon Halverson with a rebound.
3:50 of 1st period - Snap shot by Kerby Rychel.
3:50 of 1st period - Stopped by Joe Cannata with a rebound.
4:24 of 1st period - Slapshot by Teemu Pulkkinen.
4:24 of 1st period - Shot Misses the Net.
4:34 of 1st period - Patrick Sieloff is hit by Andrew O'Brien and loses puck.
5:13 of 1st period - Snap shot by J.T. Brown.
5:13 of 1st period - Deflect By Lane MacDermid.
5:13 of 1st period - Shot Blocked by Duncan Siemens.
5:13 of 1st period - Puck is out of play.
5:14 of 1st period - Alexander Wennberg wins face-off versus Colton Gillies in Saguenéens zone.
5:19 of 1st period - Snap shot by Garnet Hathaway.
5:19 of 1st period - Shot Misses the Net.
5:21 of 1st period - Slapshot by Kevin Marshall.
5:21 of 1st period - Stopped by Brandon Halverson with a rebound.
5:39 of 1st period - Mark Stone is hit by Robert Bortuzzo and loses puck.
5:46 of 1st period - Snap shot by Aleksander Barkov.
5:46 of 1st period - Stopped by Brandon Halverson without a rebound.
5:47 of 1st period - Daultan Leveillé wins face-off versus Alexander Wennberg in Demolitions zone.
6:38 of 1st period - Jonathan Blum is hit by Robert Hagg.
7:56 of 1st period - Jonathan Blum is hit by Mark Stone and loses puck.
8:19 of 1st period - Snap shot by Alexander Wennberg.
8:19 of 1st period - Shot Misses the Net.
8:21 of 1st period - Slapshot by Duncan Siemens.
8:21 of 1st period - Shot Blocked by Nikita Tryamkin.
8:23 of 1st period - Slapshot by Patrick Sieloff.
8:23 of 1st period - Shot Misses the Net.
8:25 of 1st period - Slapshot by Patrick Sieloff.
8:25 of 1st period - Stopped by Brandon Halverson without a rebound.
8:26 of 1st period - Colton Gillies wins face-off versus Alexander Wennberg in Demolitions zone.
8:28 of 1st period - Minor Penalty to Nikita Tryamkin for Hooking.
8:29 of 1st period - Alexander Wennberg wins face-off versus Spencer Machacek in Demolitions zone.
8:41 of 1st period - Snap shot by Alexander Wennberg.
8:41 of 1st period - Stopped by Brandon Halverson without a rebound.
8:42 of 1st period - Daultan Leveillé wins face-off versus Alexander Wennberg in Demolitions zone.
8:51 of 1st period - Backhand shot by Alexander Wennberg.
8:51 of 1st period - Shot Misses the Net.
8:53 of 1st period - Wrist shot by Alexander Wennberg.
8:53 of 1st period - Goal by Alexander Wennberg - Demolitions : 1 - Saguenéens : 1.
8:54 of 1st period - Alexander Wennberg wins face-off versus Daultan Leveillé in neutral zone.
9:27 of 1st period - Wrist shot by Carl Hagelin.
9:27 of 1st period - Shot Blocked by Jake Muzzin.
9:32 of 1st period - Icing by Lane MacDermid.
9:33 of 1st period - J.T. Brown wins face-off versus Alexander Wennberg in Demolitions zone.
10:00 of 1st period - Icing by Mark Stone.
10:01 of 1st period - Daultan Leveillé wins face-off versus Aleksander Barkov in Saguenéens zone.
10:06 of 1st period - Wrist shot by Brandon Saad.
10:06 of 1st period - Shot Misses the Net.
10:08 of 1st period - Snap shot by Daultan Leveillé.
10:08 of 1st period - Stopped by Joe Cannata without a rebound.
10:09 of 1st period - Daultan Leveillé wins face-off versus Alexander Wennberg in Saguenéens zone.
10:40 of 1st period - Kevin Marshall is hit by Lane MacDermid and loses puck.
11:09 of 1st period - Wrist shot by Andrej Nestrasil.
11:09 of 1st period - Stopped by Joe Cannata without a rebound.
11:10 of 1st period - Alexander Wennberg wins face-off versus Daultan Leveillé in Saguenéens zone.
11:10 of 1st period - Alexander Wennberg is hit by Spencer Machacek.
12:07 of 1st period - Wrist shot by Lane MacDermid.
12:07 of 1st period - Stopped by Joe Cannata without a rebound.
12:08 of 1st period - Alexander Wennberg wins face-off versus Colton Gillies in Saguenéens zone.
12:46 of 1st period - Kevin Marshall is hit by Kerby Rychel and loses puck.
13:14 of 1st period - Wrist shot by Joshua Leivo.
13:14 of 1st period - Stopped by Joe Cannata without a rebound.
13:15 of 1st period - Henrik Samuelsson wins face-off versus Spencer Machacek in Saguenéens zone.
13:40 of 1st period - Alexander Wennberg is hit by J.T. Brown.
14:45 of 1st period - Nikita Tryamkin is hit by Mason Raymond and loses puck.
15:10 of 1st period - Wrist shot by J.T. Brown.
15:10 of 1st period - Shot Misses the Net.
15:12 of 1st period - Snap shot by Colton Gillies.
15:12 of 1st period - Stopped by Joe Cannata with a rebound.
15:14 of 1st period - Slapshot by Nikita Tryamkin.
15:14 of 1st period - Shot Blocked by Seth Helgeson.
15:31 of 1st period - Wrist shot by Carl Hagelin.
15:31 of 1st period - Shot Misses the Net.
16:00 of 1st period - Jonathan Blum is hit by Rhett Rakhshani and loses puck.
16:33 of 1st period - Icing by Patrick Sieloff.
16:34 of 1st period - Henrik Samuelsson wins face-off versus Andrej Nestrasil in Saguenéens zone.
17:45 of 1st period - Wrist shot by Craig Cunningham.
17:45 of 1st period - Deflect By Rhett Rakhshani.
17:45 of 1st period - Shot Blocked by Lane MacDermid.
17:45 of 1st period - Puck is out of play.
17:46 of 1st period - Daultan Leveillé wins face-off versus Mike Amadio in Demolitions zone.
17:46 of 1st period - Daultan Leveillé is hit by Craig Cunningham.
19:14 of 1st period - Slapshot by Brandon Saad.
19:14 of 1st period - Stopped by Joe Cannata without a rebound.
19:15 of 1st period - Alexander Wennberg wins face-off versus Colton Gillies in Saguenéens zone.
19:24 of 1st period - Mason Raymond is hit by Lane MacDermid and loses puck.
19:47 of 1st period - Wrist shot by Aleksander Barkov.
19:47 of 1st period - Stopped by Brandon Halverson with a rebound.
Goals for this period are 1 for Demolitions vs 1 for Saguenéens.
Shots for this period are 10 for Demolitions vs 11 for Saguenéens.

2nd period


0:01 of 2nd period - Daultan Leveillé wins face-off versus Alexander Wennberg in neutral zone.
0:16 of 2nd period - Slapshot by Spencer Machacek.
0:16 of 2nd period - Stopped by Joe Cannata with a rebound.
1:27 of 2nd period - Spencer Machacek is hit by Mason Raymond and loses puck.
3:31 of 2nd period - Snap shot by Teemu Pulkkinen.
3:31 of 2nd period - Shot Blocked by Nikita Tryamkin.
3:37 of 2nd period - Wrist shot by Henrik Samuelsson.
3:37 of 2nd period - Shot Misses the Net.
3:47 of 2nd period - Wrist shot by Craig Cunningham.
3:47 of 2nd period - Shot Misses the Net.
3:49 of 2nd period - Wrist shot by Craig Cunningham.
3:49 of 2nd period - Shot Blocked by Brandon Saad.
3:57 of 2nd period - Snap shot by Craig Cunningham.
3:57 of 2nd period - Stopped by Brandon Halverson without a rebound.
3:58 of 2nd period - Alexander Wennberg wins face-off versus Colton Gillies in Demolitions zone.
3:59 of 2nd period - Backhand shot by Garnet Hathaway.
3:59 of 2nd period - Shot Blocked by Jake Muzzin.
4:09 of 2nd period - Snap shot by Garnet Hathaway.
4:09 of 2nd period - Shot Blocked by Jake Muzzin.
4:11 of 2nd period - Backhand shot by Patrick Sieloff.
4:11 of 2nd period - Stopped by Brandon Halverson with a rebound.
4:13 of 2nd period - Snap shot by Garnet Hathaway.
4:13 of 2nd period - Stopped by Brandon Halverson with a rebound.
4:30 of 2nd period - Slapshot by Brandon Saad.
4:30 of 2nd period - Shot Misses the Net.
4:32 of 2nd period - Snap shot by Spencer Machacek.
4:32 of 2nd period - Shot Blocked by Carl Hagelin.
4:34 of 2nd period - Wrist shot by Daultan Leveillé.
4:34 of 2nd period - Shot Misses the Net.
4:50 of 2nd period - Wrist shot by Henrik Samuelsson.
4:50 of 2nd period - Stopped by Brandon Halverson with a rebound.
4:56 of 2nd period - Patrick Sieloff is hit by Andrew O'Brien.
5:17 of 2nd period - Seth Helgeson is hit by Phil McRae and loses puck.
6:39 of 2nd period - J.T. Brown is hit by Alexander Wennberg and loses puck.
7:00 of 2nd period - Snap shot by Rhett Rakhshani.
7:00 of 2nd period - Goal by Rhett Rakhshani - Demolitions : 1 - Saguenéens : 2.
7:01 of 2nd period - Alexander Wennberg wins face-off versus Daultan Leveillé in neutral zone.
7:33 of 2nd period - Snap shot by Joshua Leivo.
7:33 of 2nd period - Shot Misses the Net.
7:35 of 2nd period - Slapshot by Jonathan Blum.
7:35 of 2nd period - Deflect By Joshua Leivo.
7:35 of 2nd period - Shot Misses the Net.
7:35 of 2nd period - Puck is out of play.
7:36 of 2nd period - Alexander Wennberg wins face-off versus Daultan Leveillé in Saguenéens zone.
7:47 of 2nd period - Snap shot by Mason Raymond.
7:47 of 2nd period - Stopped by Brandon Halverson with a rebound.
8:11 of 2nd period - Aaron Palushaj is hit by Aleksander Barkov and loses puck.
8:26 of 2nd period - Wrist shot by Colton Gillies.
8:26 of 2nd period - Stopped by Joe Cannata without a rebound.
8:27 of 2nd period - Colton Gillies wins face-off versus Mike Amadio in Saguenéens zone.
8:40 of 2nd period - Snap shot by Colton Gillies.
8:40 of 2nd period - Stopped by Joe Cannata with a rebound.
8:57 of 2nd period - Spencer Machacek is hit by Craig Cunningham and loses puck.
9:12 of 2nd period - Wrist shot by Rhett Rakhshani.
9:12 of 2nd period - Stopped by Brandon Halverson without a rebound.
9:13 of 2nd period - Phil McRae wins face-off versus Alexander Wennberg in Demolitions zone.
9:40 of 2nd period - Aleksander Barkov is hit by Brandon Saad and loses puck.
10:58 of 2nd period - Minor Penalty to Rhett Rakhshani for Hooking.
10:59 of 2nd period - Henrik Samuelsson wins face-off versus Daultan Leveillé in Saguenéens zone.
12:58 of 2nd period - Penalty to Rhett Rakhshani is over, Rhett Rakhshani is back on ice.
13:16 of 2nd period - Icing by Duncan Siemens.
13:17 of 2nd period - Phil McRae wins face-off versus Aleksander Barkov in Saguenéens zone.
13:22 of 2nd period - Wrist shot by Phil McRae.
13:22 of 2nd period - Shot Misses the Net.
13:24 of 2nd period - Snap shot by Jared Staal.
13:24 of 2nd period - Shot Misses the Net.
13:26 of 2nd period - Wrist shot by Phil McRae.
13:26 of 2nd period - Deflect By Kerby Rychel.
13:26 of 2nd period - Shot Misses the Net.
13:26 of 2nd period - Puck is out of play.
13:27 of 2nd period - Phil McRae wins face-off versus Alexander Wennberg in Saguenéens zone.
13:38 of 2nd period - Slapshot by Seth Helgeson.
13:38 of 2nd period - Deflect By Garnet Hathaway.
13:38 of 2nd period - Shot Blocked by Jared Staal.
13:38 of 2nd period - Puck is out of play.
13:39 of 2nd period - Alexander Wennberg wins face-off versus Daultan Leveillé in Demolitions zone.
13:50 of 2nd period - Snap shot by Alexander Wennberg.
13:50 of 2nd period - Stopped by Brandon Halverson with a rebound.
14:20 of 2nd period - Icing by Aleksander Barkov.
14:21 of 2nd period - Henrik Samuelsson wins face-off versus Andrej Nestrasil in Saguenéens zone.
14:36 of 2nd period - Snap shot by Teemu Pulkkinen.
14:36 of 2nd period - Stopped by Brandon Halverson without a rebound.
14:37 of 2nd period - Alexander Wennberg wins face-off versus Daultan Leveillé in Demolitions zone.
14:42 of 2nd period - Backhand shot by Garnet Hathaway.
14:42 of 2nd period - Shot Blocked by Daultan Leveillé.
15:51 of 2nd period - Snap shot by Spencer Machacek.
15:51 of 2nd period - Goal by Spencer Machacek - Demolitions : 2 - Saguenéens : 2.
15:52 of 2nd period - Alexander Wennberg wins face-off versus Daultan Leveillé in neutral zone.
15:55 of 2nd period - Slapshot by Kevin Marshall.
15:55 of 2nd period - Stopped by Brandon Halverson with a rebound.
16:10 of 2nd period - Kevin Marshall is hit by Jonathan Blum and loses puck.
16:27 of 2nd period - Wrist shot by Carl Hagelin.
16:27 of 2nd period - Shot Hit the Post.
16:33 of 2nd period - Snap shot by Aleksander Barkov.
16:33 of 2nd period - Shot Blocked by Jonathan Blum.
18:10 of 2nd period - Rhett Rakhshani is hit by Taylor Aronson and loses puck.
18:40 of 2nd period - Daultan Leveillé is hit by Teemu Pulkkinen and loses puck.
19:03 of 2nd period - Slapshot by J.T. Brown.
19:03 of 2nd period - Shot Blocked by Garnet Hathaway.
19:25 of 2nd period - Wrist shot by Aleksander Barkov.
19:25 of 2nd period - Stopped by Brandon Halverson with a rebound.
19:47 of 2nd period - Brandon Saad is hit by Craig Cunningham.
19:57 of 2nd period - Slapshot by J.T. Brown.
19:57 of 2nd period - Shot Misses the Net.
19:59 of 2nd period - Slapshot by Robert Bortuzzo.
19:59 of 2nd period - Shot Misses the Net.
Goals for this period are 1 for Demolitions vs 1 for Saguenéens.
Shots for this period are 4 for Demolitions vs 11 for Saguenéens.

3rd period


0:01 of 3rd period - Alexander Wennberg wins face-off versus Daultan Leveillé in neutral zone.
0:36 of 3rd period - Wrist shot by Lane MacDermid.
0:36 of 3rd period - Stopped by Joe Cannata with a rebound.
0:38 of 3rd period - Slapshot by Jonathan Blum.
0:38 of 3rd period - Shot Blocked by Kevin Marshall.
0:40 of 3rd period - Slapshot by Jake Muzzin.
0:40 of 3rd period - Shot Blocked by Seth Helgeson.
0:56 of 3rd period - Wrist shot by Craig Cunningham.
0:56 of 3rd period - Deflect By Jared Staal.
0:56 of 3rd period - Shot Blocked by Andrew O'Brien.
0:56 of 3rd period - Puck is out of play.
0:57 of 3rd period - Daultan Leveillé wins face-off versus Mike Amadio in Demolitions zone.
0:57 of 3rd period - Daultan Leveillé is hit by Mike Amadio.
1:03 of 3rd period - Wrist shot by Andrew O'Brien.
1:03 of 3rd period - Shot Hit the Post.
1:46 of 3rd period - Robert Hagg is hit by Joshua Leivo and loses puck.
1:51 of 3rd period - Wrist shot by Andrej Nestrasil.
1:51 of 3rd period - Stopped by Joe Cannata with a rebound.
1:53 of 3rd period - Snap shot by Jonathan Blum.
1:53 of 3rd period - Stopped by Joe Cannata with a rebound.
1:55 of 3rd period - Snap shot by Jake Muzzin.
1:55 of 3rd period - Stopped by Joe Cannata with a rebound.
3:18 of 3rd period - Snap shot by Henrik Samuelsson.
3:18 of 3rd period - Goal by Henrik Samuelsson - Demolitions : 2 - Saguenéens : 3.
3:19 of 3rd period - Daultan Leveillé wins face-off versus Alexander Wennberg in neutral zone.
3:26 of 3rd period - Snap shot by Brandon Saad.
3:26 of 3rd period - Stopped by Joe Cannata without a rebound.
3:27 of 3rd period - Alexander Wennberg wins face-off versus Daultan Leveillé in Saguenéens zone.
3:27 of 3rd period - Alexander Wennberg is hit by Jake Muzzin.
3:35 of 3rd period - Slapshot by Jonathan Blum.
3:35 of 3rd period - Shot Misses the Net.
3:43 of 3rd period - Wrist shot by Alexander Wennberg.
3:43 of 3rd period - Shot Misses the Net.
3:45 of 3rd period - Slapshot by Mason Raymond.
3:45 of 3rd period - Stopped by Brandon Halverson with a rebound.
3:47 of 3rd period - Snap shot by Mason Raymond.
3:47 of 3rd period - Stopped by Brandon Halverson without a rebound.
3:48 of 3rd period - Aleksander Barkov wins face-off versus Colton Gillies in Demolitions zone.
4:17 of 3rd period - Off-side.
4:18 of 3rd period - Alexander Wennberg wins face-off versus Daultan Leveillé in neutral zone.
4:18 of 3rd period - Alexander Wennberg is hit by Spencer Machacek.
4:24 of 3rd period - Wrist shot by Alexander Wennberg.
4:24 of 3rd period - Stopped by Brandon Halverson with a rebound.
4:26 of 3rd period - Wrist shot by Kevin Marshall.
4:26 of 3rd period - Stopped by Brandon Halverson with a rebound.
4:28 of 3rd period - Wrist shot by Garnet Hathaway.
4:28 of 3rd period - Deflect By Mason Raymond.
4:28 of 3rd period - Goal by Mason Raymond - Demolitions : 2 - Saguenéens : 4.
4:29 of 3rd period - Alexander Wennberg wins face-off versus Daultan Leveillé in neutral zone.
4:39 of 3rd period - Garnet Hathaway is hit by Daultan Leveillé.
5:12 of 3rd period - Jonathan Blum is hit by Aleksander Barkov and loses puck.
5:52 of 3rd period - Wrist shot by Lane MacDermid.
5:52 of 3rd period - Stopped by Joe Cannata with a rebound.
6:02 of 3rd period - Wrist shot by J.T. Brown.
6:02 of 3rd period - Shot Blocked by Robert Hagg.
6:04 of 3rd period - Snap shot by Jake Muzzin.
6:04 of 3rd period - Shot Blocked by Carl Hagelin.
6:06 of 3rd period - Slapshot by J.T. Brown.
6:06 of 3rd period - Stopped by Joe Cannata with a rebound.
6:08 of 3rd period - Snap shot by J.T. Brown.
6:08 of 3rd period - Stopped by Joe Cannata without a rebound.
6:09 of 3rd period - Daultan Leveillé wins face-off versus Alexander Wennberg in Saguenéens zone.
6:12 of 3rd period - Wrist shot by Brandon Saad.
6:12 of 3rd period - Deflect By Spencer Machacek.
6:12 of 3rd period - Shot Misses the Net.
6:12 of 3rd period - Puck is out of play.
6:13 of 3rd period - Brandon Saad wins face-off versus Alexander Wennberg in Saguenéens zone.
6:22 of 3rd period - Wrist shot by Spencer Machacek.
6:22 of 3rd period - Stopped by Joe Cannata with a rebound.
6:26 of 3rd period - Wrist shot by Spencer Machacek.
6:26 of 3rd period - Shot Misses the Net.
6:44 of 3rd period - Backhand shot by Andrej Nestrasil.
6:44 of 3rd period - Stopped by Joe Cannata without a rebound.
6:45 of 3rd period - Alexander Wennberg wins face-off versus Daultan Leveillé in Saguenéens zone.
7:18 of 3rd period - Off-side.
7:19 of 3rd period - Colton Gillies wins face-off versus Aleksander Barkov in neutral zone.
7:27 of 3rd period - Snap shot by Lane MacDermid.
7:27 of 3rd period - Stopped by Joe Cannata with a rebound.
7:29 of 3rd period - Slapshot by Jonathan Blum.
7:29 of 3rd period - Shot Misses the Net.
7:31 of 3rd period - Slapshot by Jonathan Blum.
7:31 of 3rd period - Deflect By Colton Gillies.
7:31 of 3rd period - Stopped by Joe Cannata with a rebound.
7:33 of 3rd period - Slapshot by Jonathan Blum.
7:33 of 3rd period - Deflect By Lane MacDermid.
7:33 of 3rd period - Shot Blocked by Carl Hagelin.
7:33 of 3rd period - Puck is out of play.
7:34 of 3rd period - Alexander Wennberg wins face-off versus Daultan Leveillé in Saguenéens zone.
7:34 of 3rd period - Alexander Wennberg is hit by Daultan Leveillé.
8:00 of 3rd period - Carl Hagelin is hit by Lane MacDermid and loses puck.
8:25 of 3rd period - Duncan Siemens is hit by Jared Staal and loses puck.
8:30 of 3rd period - Wrist shot by Kerby Rychel.
8:30 of 3rd period - Stopped by Joe Cannata with a rebound.
8:34 of 3rd period - Snap shot by Phil McRae.
8:34 of 3rd period - Stopped by Joe Cannata without a rebound.
8:35 of 3rd period - Daultan Leveillé wins face-off versus Garnet Hathaway in Saguenéens zone.
8:46 of 3rd period - Snap shot by Brandon Saad.
8:46 of 3rd period - Stopped by Joe Cannata without a rebound.
8:47 of 3rd period - Daultan Leveillé wins face-off versus Alexander Wennberg in Saguenéens zone.
9:38 of 3rd period - Jonathan Blum is hit by Nick Mattson and loses puck.
10:00 of 3rd period - Slapshot by Rhett Rakhshani.
10:00 of 3rd period - Shot Blocked by Andrew O'Brien.
10:53 of 3rd period - Teemu Pulkkinen is hit by Joshua Leivo and loses puck.
11:10 of 3rd period - Snap shot by Nikita Tryamkin.
11:10 of 3rd period - Shot Misses the Net.
11:53 of 3rd period - Minor Penalty to Colton Gillies for Tripping.
11:54 of 3rd period - Spencer Machacek wins face-off versus Alexander Wennberg in Demolitions zone.
12:26 of 3rd period - Wrist shot by Mark Stone.
12:26 of 3rd period - Shot Misses the Net.
13:51 of 3rd period - Taylor Aronson is hit by Mark Stone and loses puck.
13:53 of 3rd period - Penalty to Colton Gillies is over, Colton Gillies is back on ice.
14:20 of 3rd period - Wrist shot by Colton Gillies.
14:20 of 3rd period - Stopped by Joe Cannata with a rebound.
14:33 of 3rd period - Icing by Joshua Leivo.
14:34 of 3rd period - Henrik Samuelsson wins face-off versus Andrej Nestrasil in Demolitions zone.
15:04 of 3rd period - Snap shot by Mason Raymond.
15:04 of 3rd period - Deflect By Garnet Hathaway.
15:04 of 3rd period - Stopped by Brandon Halverson without a rebound.
15:05 of 3rd period - Alexander Wennberg wins face-off versus Daultan Leveillé in Demolitions zone.
15:38 of 3rd period - Slapshot by Seth Helgeson.
15:38 of 3rd period - Deflect By Mark Stone.
15:38 of 3rd period - Shot Misses the Net.
15:38 of 3rd period - Puck is out of play.
15:39 of 3rd period - Colton Gillies wins face-off versus Alexander Wennberg in Demolitions zone.
15:50 of 3rd period - Slapshot by Jonathan Blum.
15:50 of 3rd period - Stopped by Joe Cannata with a rebound.
15:56 of 3rd period - J.T. Brown is hit by Seth Helgeson and loses puck.
16:09 of 3rd period - Wrist shot by Aaron Palushaj.
16:09 of 3rd period - Shot Misses the Net.
16:11 of 3rd period - Slapshot by Jonathan Blum.
16:11 of 3rd period - Stopped by Joe Cannata without a rebound.
16:12 of 3rd period - Aleksander Barkov wins face-off versus Andrej Nestrasil in Saguenéens zone.
16:22 of 3rd period - Minor Penalty to Nikita Tryamkin for Cross-checking.
16:23 of 3rd period - Spencer Machacek wins face-off versus Alexander Wennberg in Demolitions zone.
18:22 of 3rd period - Penalty to Nikita Tryamkin is over, Nikita Tryamkin is back on ice.
18:27 of 3rd period - Off-side.
18:28 of 3rd period - Henrik Samuelsson wins face-off versus Colton Gillies in neutral zone.
18:31 of 3rd period - Snap shot by Henrik Samuelsson.
18:31 of 3rd period - Stopped by Brandon Halverson with a rebound.
18:54 of 3rd period - Snap shot by Rhett Rakhshani.
18:54 of 3rd period - Stopped by Brandon Halverson with a rebound.
19:04 of 3rd period - Wrist shot by J.T. Brown.
19:04 of 3rd period - Shot Misses the Net.
19:06 of 3rd period - Slapshot by Jonathan Blum.
19:06 of 3rd period - Deflect By J.T. Brown.
19:06 of 3rd period - Shot Misses the Net.
19:06 of 3rd period - Puck is out of play.
19:07 of 3rd period - Alexander Wennberg wins face-off versus Colton Gillies in Saguenéens zone.
19:07 of 3rd period - Alexander Wennberg is hit by Colton Gillies.
Goals for this period are 0 for Demolitions vs 2 for Saguenéens.
Shots for this period are 18 for Demolitions vs 9 for Saguenéens.